 Dungeon Crawl Stone Soup version 0.28.0-53-g5a82cb258f (webtiles) character file.

Game seed: 1425372210676199536

276 Sin92 the Skirmisher (level 6, -2/48 HPs)
             Began as a Demonspawn Fighter on July 7, 2022.
             Slain by a sky beast (5 damage)
             ... on level 4 of the Dungeon.
             The game lasted 00:02:26 (3957 turns).

Sin92 the Skirmisher (Demonspawn Fighter)           Turns: 3957, Time: 00:02:26

Health: -2/48      AC:  6    Str: 17    XL:     6   Next: 4%
Magic:  6/6        EV:  9    Int:  9    God:
Gold:   200        SH:  5    Dex: 14    Spells: 5/5 levels left

rFire   . . .      SeeInvis .   a - +0 flail
rCold   . . .      Faith    .   c - +0 buckler
rNeg    . . .      Spirit   .   b - +0 scale mail
rPois   .          Reflect  .   (helmet restricted)
rElec   .          Harm     .   (no cloak)
rCorr   .          Rampage  .   (no gloves)
Will    .....                   (no boots)
Stlth   ..........              (no amulet)
HPRegen 0.16/turn               (no ring)
MPRegen 0.10/turn               (no ring)

@: brilliant, invisible
A: horns 1, demonic magic 1
a: no special abilities


You were on level 4 of the Dungeon.
You visited 1 branch of the dungeon, and saw 4 of its levels.

You collected 200 gold pieces.

Inventory:

Hand Weapons
 a - a +0 flail (weapon)
Armour
 b - a +0 scale mail (worn)
 c - a +0 buckler (worn)
Jewellery
 d - a ring of see invisible
Wands
 p - a wand of iceblast (8)
 r - a wand of paralysis (10)
Scrolls
 h - 2 scrolls of holy word {unknown}
 i - a scroll of enchant armour {unknown}
 l - a scroll of acquirement {unknown}
 n - a scroll of identify {unknown}
 q - a scroll of fog {unknown}
Potions
 e - a potion of curing {unknown}
 g - a potion of attraction {unknown}
 k - a potion of haste {unknown}
 m - a potion of flight {unknown}
 o - a potion of cancellation {unknown}


   Skills:
 + Level 4.0 Fighting
 * Level 3.9 Maces & Flails
 + Level 3.6 Armour
 + Level 3.6 Shields


You had 5 spell levels left.
You didn't know any spells.
Your spell library contained the following spells:

 Spells                   Type           Power      Damage    Failure   Level
 Shock                    Conj/Air       0%         1d3       87%         1
 Swiftness                Air            0%         N/A       99%         3
 Airstrike                Air            0%         N/A       100%        4


Dungeon Overview and Level Annotations

Branches:
Dungeon (4/15)
 Temple: D:4-7

Altars:
Fedhas
Makhleb
Qazlal


Innate Abilities, Weirdness & Mutations

You have a pair of small horns on your head.
Spells you cast may paralyse adjacent enemies.


Message History

A hound skeleton is nearby!
You miss something. Something hits you. Something shocks you.
A hound skeleton is nearby!
You sock something! Something hits you but does no damage.
A hound skeleton is nearby!
It was a potion of brilliance.
You feel clever all of a sudden. Something hits you but does no damage.
It was a potion of invisibility.
You fade into invisibility!
Something hits you. Something shocks you.
You miss something. You headbutt something.
Something hits you but does no damage.
You miss something. Your headbutt misses something.
Something hits you but does no damage. Something hits you.
Something shocks you.
You closely miss something. Something hits you. Something shocks you.
You miss something. Your headbutt misses something.
Something hits you but does no damage.
You barely miss something. Something completely misses you.
You hit something but do no damage.
Something hits you but does no damage. x2
You sock something! Something hits you but does no damage.
You closely miss something.
A sky beast appears from thin air!
Reactivating autopickup.
The sky beast hits you. The sky beast shocks you.
* * * LOW HITPOINT WARNING * * *
You catch the helpless sky beast completely off-guard!
You hit the sky beast.
You headbutt the sky beast, but do no damage.
The sky beast is severely wounded.
The sky beast flickers out of sight!
Deactivating autopickup; reactivate with Ctrl-A.
Something hits you.
* * * LOW HITPOINT WARNING * * *
Something shocks you.
* * * LOW HITPOINT WARNING * * *
You sock something! Something hits you but does no damage. Something hits you.
* * * LOW HITPOINT WARNING * * *
Something shocks you.
You die...

#.# ##.####
######......
........#### ######..#
# #..# # #..# #
##.############ ##..#
.$...Z{@......###.#.##
....#########.##.###.#
. . #.##..#.##
#...#####.##.#..#
#..<†.........#
###.###.##.#### #
##.##.# #..#..#
##.#.##


You could see a hound skeleton.

Vanquished Creatures
  A scorpion (D:4)
  A hound (D:4)
  An orc priest (D:3)
  Ijyb (D:4)
  A killer bee zombie (D:4)
  3 adders
  3 worms (D:2)
  2 dart slugs
  5 orcs
  4 bats
  4 endoplasms
  2 giant cockroaches
  7 goblins
  3 hobgoblins
  5 kobolds
  2 quokkas
  7 ball pythons
  8 frilled lizards
  7 rats
67 creatures vanquished.

Vanquished Creatures (others)
  A dart slug (D:4)
1 creature vanquished.

Grand Total: 68 creatures vanquished

Notes
Turn   | Place    | Note
-------+----------+-------------------------------------------
     0 | D:1      | Sin92 the Demonspawn Fighter began the quest for the Orb.
     0 | D:1      | Reached XP level 1. HP: 18/18 MP: 1/1
   330 | D:1      | Gained mutation: Spells you cast may paralyse adjacent
                  | enemies. [demonic ancestry]
   330 | D:1      | Reached XP level 2. HP: 21/24 MP: 2/2
   664 | D:1      | Found a faded altar of an unknown god.
   948 | D:2      | Reached XP level 3. HP: 29/29 MP: 3/3
   980 | D:2      | Found a blossoming altar of Fedhas.
  1373 | D:2      | You fall into a shaft and drop 2 floors!
  1396 | D:4      | Noticed a scorpion
  1400 | D:4      | Killed a scorpion
  1401 | D:4      | Gained mutation: You have a pair of small horns on your
                  | head. [demonic ancestry]
  1401 | D:4      | Reached XP level 4. HP: 15/35 MP: 4/4
  1839 | D:4      | Reached XP level 5. HP: 23/42 MP: 5/5
  2124 | D:3      | Found a stormy altar of Qazlal.
  3314 | D:3      | Found a burning altar of Makhleb.
  3483 | D:4      | Noticed Ijyb
  3503 | D:4      | Killed Ijyb
  3504 | D:4      | Reached skill level 4 in Fighting
  3507 | D:4      | Reached XP level 6. HP: 9/48 MP: 6/6
  3938 | D:4      | Noticed a sky beast
  3957 | D:4      | Slain by a sky beast

Illustrated notes

Levels and vault maps discovered:
D:1:      eino_arrival_cavern_d, layout_rooms, serial_forest,
          infiniplex_forest_lined_room_2, infiniplex_forest_clump_small,
          infiniplex_forest_clump_medium, infiniplex_forest_lined_room_2,
          infiniplex_forest_lined_3, infiniplex_forest_straight_4,
          shapermc_ecumenical_altar_venn
D:2:      layout_loops_ring, basic_altar, grunt_decor_one_mirror
D:3:      layout_basic, lemuel_crystal_altar, grunt_qazlal_clouds
D:4:      layout_loops_ring, marbit_many_paths, uniq_ijyb

Skill      XL: |  1  2  3  4  5 |
---------------+----------------+-----
Maces & Flails | 2 3 |  3.9
Shields        | 3 |  3.6
Armour         | 3 |  3.6
Fighting       | 4 |  4.0

Action                   |  1- 3 |  4- 6 || total
-------------------------+-------+-------++-------
Melee: Flail             |   121 |   133 ||   254
       Headbutt          |       |    21 ||    21
  Use: Potion            |       |     3 ||     3
 Stab: Invisible         |       |     1 ||     1
Armor: Scale mail        |    53 |    58 ||   111
Dodge: Dodged            |    46 |    70 ||   116
Block: Buckler           |    30 |    29 ||    59
